TOP OF THE 1ST |
Havana Rollers batting - Pitching for Topeka Tornados : RHP Eric Hunt
|
Pitching: RHP Eric Hunt
|
|
Batting: LHB Rafael Delgado
|
0-0: Ball 1-0: Ball 2-0: Called Strike 2-1: DOUBLE (Line Drive, 9LM)
|
Batting: RHB Francisco Rincón
|
0-0: Called Strike 0-1: Swinging Strike 0-2: Ball 1-2: Strikes out swinging
|
Batting: LHB Jimmy Husted
|
0-0: Called Strike 0-1: Ground out 6-3 (Groundball, 6S) Rafael Delgado to third
|
Batting: LHB Enrique Cortéz
|
0-0: Called Strike 0-1: Ball 1-1: Swinging Strike 1-2: Foul Ball, location: 2F 1-2: Ball 2-2: Ball 3-2: Foul Ball, location: 2F 3-2: Base on Balls
|
Batting: RHB Paul Bailey
|
0-0: Ball 1-0: Ball 2-0: Foul Ball, location: 2F 2-1: Fielders Choice at 2nd, 6-4 (Groundball, 6)
|
Top of the 1st over - 0 run(s), 1 hit(s), 0 error(s), 1 left on base; Havana 0 - Topeka 0 |
BOTTOM OF THE 1ST |
Topeka Tornados batting - Pitching for Havana Rollers : RHP Fernando Castillo
|
Pitching: RHP Fernando Castillo
|
|
Batting: RHB Armando Méndez
|
0-0: Ball 1-0: Ground out 1-5-3 (Groundball, 15S)
|
Batting: RHB James Stevens
|
0-0: Called Strike 0-1: Ball 1-1: Foul Ball, location: 2F 1-2: Foul Ball, location: 2F 1-2: Ball 2-2: Foul Ball, location: 2F 2-2: Ball 3-2: Strikes out swinging
|
Batting: LHB Ramón Pérez
|
0-0: Ball 1-0: Called Strike 1-1: Ball 2-1: Fly out, F5 (Line Drive, 56S)
|
Bottom of the 1st over - 0 run(s), 0 hit(s), 0 error(s), 0 left on base; Havana 0 - Topeka 0 |
TOP OF THE 2ND |
Havana Rollers batting - Pitching for Topeka Tornados : RHP Eric Hunt
|
Batting: LHB Shiro Ueno
|
0-0: Swinging Strike 0-1: Called Strike 0-2: Strikes out looking
|
Batting: RHB Jesús Villalobos
|
0-0: Ground out 6-3 (Groundball, 6S)
|
Batting: LHB Zhi-huan Loong
|
0-0: Called Strike 0-1: Fly out, F8 (Flyball, 8LM)
|
Top of the 2nd over - 0 run(s), 0 hit(s), 0 error(s), 0 left on base; Havana 0 - Topeka 0 |
BOTTOM OF THE 2ND |
Topeka Tornados batting - Pitching for Havana Rollers : RHP Fernando Castillo
|
Batting: SHB Javier Peña
|
0-0: Called Strike 0-1: Ball 1-1: Foul Ball, location: 2F 1-2: Strikes out swinging, 2-3 out at first.
|
Batting: RHB Ed Watkins
|
0-0: Ground out 6-3 (Groundball, 6M)
|
Batting: LHB Yoshiaki Ohayashi
|
0-0: Called Strike 0-1: Ball 1-1: Called Strike 1-2: Foul Ball, location: 2F 1-2: Strikes out swinging
|
Bottom of the 2nd over - 0 run(s), 0 hit(s), 0 error(s), 0 left on base; Havana 0 - Topeka 0 |
TOP OF THE 3RD |
Havana Rollers batting - Pitching for Topeka Tornados : RHP Eric Hunt
|
Batting: RHB Chad Case
|
0-0: Fly out, F7 (Line Drive, 7D)
|
Batting: LHB Rafael Delgado
|
0-0: Ball 1-0: Ball 2-0: Called Strike 2-1: Foul Ball, location: 2F 2-2: Ground out 4-3 (Groundball, 4S)
|
Batting: RHB Francisco Rincón
|
0-0: Swinging Strike 0-1: Foul Ball, location: 2F 0-2: Ball 1-2: SINGLE (Groundball, 56D)
|
Batting: LHB Jimmy Husted
|
0-0: Called Strike 0-1: Fly out, F7 (Flyball, 78S)
|
Top of the 3rd over - 0 run(s), 1 hit(s), 0 error(s), 1 left on base; Havana 0 - Topeka 0 |
BOTTOM OF THE 3RD |
Topeka Tornados batting - Pitching for Havana Rollers : RHP Fernando Castillo
|
Batting: LHB Alfredo Sánchez
|
0-0: Called Strike 0-1: Called Strike 0-2: Foul Ball, location: 2F 0-2: Foul Ball, location: 2F 0-2: Hit by Pitch
|
Batting: LHB Tom Robinson
|
0-0: Swinging Strike 0-1: Called Strike 0-2: Foul Ball, location: 2F 0-2: Foul Ball, location: 2F 0-2: Ball 1-2: Ball 2-2: Strikes out swinging
|
Batting: LHB Bill Frazier
|
0-0: Foul Ball, location: 2F 0-1: Ball 1-1: Foul Ball, location: 2F 1-2: Ball 2-2: Fly out, F7 (Flyball, 7S)
|
Batting: RHB Armando Méndez
|
0-0: Ball 1-0: 2-RUN HOME RUN (Flyball, 7LD), Distance : 348 ft
|
Batting: RHB James Stevens
|
0-0: Ball 1-0: Foul Ball, location: 2F 1-1: Foul Ball, location: 2F 1-2: Ball 2-2: Foul Ball, location: 2F 2-2: Foul Ball, location: 2F 2-2: SINGLE (Groundball, 34D)
|
Batting: LHB Ramón Pérez
|
0-0: Called Strike 0-1: Ball 1-1: Foul Ball, location: 2F 1-2: Strikes out swinging
|
Bottom of the 3rd over - 2 run(s), 2 hit(s), 0 error(s), 1 left on base; Havana 0 - Topeka 2 |
TOP OF THE 4TH |
Havana Rollers batting - Pitching for Topeka Tornados : RHP Eric Hunt
|
Batting: LHB Enrique Cortéz
|
0-0: Ground out 4-3 (Groundball, 4)
|
Batting: RHB Paul Bailey
|
0-0: Ball 1-0: Swinging Strike 1-1: Foul Ball, location: 2F 1-2: Ball 2-2: Strikes out swinging
|
Batting: LHB Shiro Ueno
|
0-0: Called Strike 0-1: Ball 1-1: Ground out 6-3 (Groundball, 6)
|
Top of the 4th over - 0 run(s), 0 hit(s), 0 error(s), 0 left on base; Havana 0 - Topeka 2 |
BOTTOM OF THE 4TH |
Topeka Tornados batting - Pitching for Havana Rollers : RHP Fernando Castillo
|
Batting: SHB Javier Peña
|
0-0: Ball 1-0: DOUBLE (Line Drive, 9LS)
|
Batting: RHB Ed Watkins
|
0-0: Ground out 1-3 (Groundball, 13) Javier Peña to third
|
Batting: LHB Yoshiaki Ohayashi
|
0-0: Called Strike 0-1: Ball 1-1: DOUBLE (Line Drive, 89XD) Javier Peña scores
|
Batting: LHB Alfredo Sánchez
|
0-0: Ball 1-0: Foul Ball, location: 2F 1-1: DOUBLE (Flyball, 89XD) Yoshiaki Ohayashi scores
|
Batting: LHB Tom Robinson
|
0-0: Ball 1-0: Ball 2-0: Swinging Strike 2-1: Ball 3-1: Called Strike 3-2: Foul Ball, location: 2F 3-2: Base on Balls
|
Batting: LHB Bill Frazier
|
0-0: Fly out, F8 (Flyball, 8LM)
|
Batting: RHB Armando Méndez
|
0-0: Ball 1-0: Ball 2-0: Fielders Choice at 2nd, 6-4 (Groundball, 6)
|
Bottom of the 4th over - 2 run(s), 3 hit(s), 0 error(s), 1 left on base; Havana 0 - Topeka 4 |
TOP OF THE 5TH |
Havana Rollers batting - Pitching for Topeka Tornados : RHP Eric Hunt
|
Batting: RHB Jesús Villalobos
|
0-0: Ground out 6-3 (Groundball, 6)
|
Batting: LHB Zhi-huan Loong
|
0-0: Called Strike 0-1: Ground out 4-3 (Groundball, 4D)
|
Batting: RHB Chad Case
|
0-0: Ground out 6-3 (Groundball, 6)
|
Top of the 5th over - 0 run(s), 0 hit(s), 0 error(s), 0 left on base; Havana 0 - Topeka 4 |
BOTTOM OF THE 5TH |
Topeka Tornados batting - Pitching for Havana Rollers : RHP Fernando Castillo
|
Batting: RHB James Stevens
|
0-0: Swinging Strike 0-1: Called Strike 0-2: Ball 1-2: Strikes out swinging
|
Batting: LHB Ramón Pérez
|
0-0: Ball 1-0: Foul Ball, location: 2F 1-1: Ground out U3 (Groundball, 34)
|
Batting: SHB Javier Peña
|
0-0: Foul Ball, location: 2F 0-1: Ball 1-1: Ball 2-1: Ground out U3 (Groundball, 3L)
|
Bottom of the 5th over - 0 run(s), 0 hit(s), 0 error(s), 0 left on base; Havana 0 - Topeka 4 |
TOP OF THE 6TH |
Havana Rollers batting - Pitching for Topeka Tornados : RHP Eric Hunt
|
Batting: LHB Rafael Delgado
|
0-0: Ball 1-0: Ball 2-0: Called Strike 2-1: Reached via error on a dropped throw, E3
|
Pitching: RHP Craig Adams
|
|
Batting: RHB Francisco Rincón
|
0-0: Grounds into double play, 5-4-3 (Groundball, 56)
|
Batting: LHB Jimmy Husted
|
0-0: Swinging Strike 0-1: Ground out 6-3 (Groundball, 6)
|
Top of the 6th over - 0 run(s), 0 hit(s), 1 error(s), 0 left on base; Havana 0 - Topeka 4 |
BOTTOM OF THE 6TH |
Topeka Tornados batting - Pitching for Havana Rollers : RHP Fernando Castillo
|
Batting: RHB Ed Watkins
|
0-0: Ball 1-0: Fly out, F2 (Popup, 23)
|
Batting: LHB Yoshiaki Ohayashi
|
0-0: SINGLE (Line Drive, 7S)
|
Batting: LHB Alfredo Sánchez
|
0-0: Foul Ball, location: 2F 0-1: Foul Ball, location: 2F 0-2: Strikes out swinging
|
Batting: LHB Tom Robinson
|
0-0: Ball 1-0: Foul Ball, location: 2F 1-1: Ball 2-1: DOUBLE (Flyball, 78XD) Yoshiaki Ohayashi to third
|
Batting: LHB Bill Frazier
|
0-0: Ball 1-0: Ball 2-0: Foul Ball, location: 2F 2-1: Swinging Strike 2-2: Ball 3-2: Strikes out looking
|
Bottom of the 6th over - 0 run(s), 2 hit(s), 0 error(s), 2 left on base; Havana 0 - Topeka 4 |
TOP OF THE 7TH |
Havana Rollers batting - Pitching for Topeka Tornados : RHP Craig Adams
|
Batting: LHB Enrique Cortéz
|
0-0: Ball 1-0: Fly out, F1 (Line Drive, 15)
|
Batting: RHB Paul Bailey
|
0-0: Called Strike 0-1: Ball 1-1: Foul Ball, location: 2F 1-2: Foul Ball, location: 2F 1-2: Ball 2-2: Ground out 4-3 (Groundball, 4)
|
Batting: LHB Shiro Ueno
|
0-0: Ground out 6-3 (Groundball, 6)
|
Top of the 7th over - 0 run(s), 0 hit(s), 0 error(s), 0 left on base; Havana 0 - Topeka 4 |
BOTTOM OF THE 7TH |
Topeka Tornados batting - Pitching for Havana Rollers : RHP Fernando Castillo
|
Pitching: LHP Mike Doss
|
|
Batting: RHB Armando Méndez
|
0-0: Swinging Strike 0-1: Swinging Strike 0-2: Ground out 4-3 (Groundball, 34)
|
Batting: RHB James Stevens
|
0-0: Ball 1-0: SINGLE (Groundball, 4MD)
|
Batting: LHB Ramón Pérez
|
0-0: Ball 1-0: Swinging Strike 1-1: Called Strike 1-2: Foul Ball, location: 2F 1-2: Foul Ball, location: 2F 1-2: Ball 2-2: Foul Ball, location: 2F 2-2: Strikes out swinging
|
Batting: SHB Javier Peña
|
0-0: Ball 1-0: Fielders Choice at 2nd, 4-6 (Groundball, 4)
|
Bottom of the 7th over - 0 run(s), 1 hit(s), 0 error(s), 0 left on base; Havana 0 - Topeka 4 |
TOP OF THE 8TH |
Havana Rollers batting - Pitching for Topeka Tornados : RHP Craig Adams
|
Batting: RHB Jesús Villalobos
|
0-0: Fly out, F6 (Popup, 6D)
|
Batting: LHB Zhi-huan Loong
|
0-0: Ball 1-0: Ball 2-0: Fly out, F7 (Flyball, 7LM)
|
Batting: RHB Chad Case
|
0-0: Swinging Strike 0-1: Swinging Strike 0-2: Foul Ball, location: 2F 0-2: Ball 1-2: Ball 2-2: Strikes out swinging
|
Top of the 8th over - 0 run(s), 0 hit(s), 0 error(s), 0 left on base; Havana 0 - Topeka 4 |
BOTTOM OF THE 8TH |
Topeka Tornados batting - Pitching for Havana Rollers : LHP Mike Doss
|
Batting: RHB Ed Watkins
|
0-0: Ball 1-0: Swinging Strike 1-1: Ball 2-1: Fly out, F7 (Flyball, 78S)
|
Batting: LHB Yoshiaki Ohayashi
|
0-0: Called Strike 0-1: Foul Ball, location: 2F 0-2: Ball 1-2: Strikes out swinging
|
Batting: LHB Alfredo Sánchez
|
0-0: Ball 1-0: Called Strike 1-1: Foul Ball, location: 2F 1-2: Ball 2-2: Ball 3-2: Strikes out looking
|
Bottom of the 8th over - 0 run(s), 0 hit(s), 0 error(s), 0 left on base; Havana 0 - Topeka 4 |
TOP OF THE 9TH |
Havana Rollers batting - Pitching for Topeka Tornados : RHP Craig Adams
|
Pitching: RHP Gerald Hood
|
|
Batting: LHB Rafael Delgado
|
0-0: Called Strike 0-1: Ball 1-1: Called Strike 1-2: Ball 2-2: Strikes out looking
|
Batting: RHB Francisco Rincón
|
0-0: Called Strike 0-1: Ball 1-1: Called Strike 1-2: SINGLE (Groundball, 6MD)
|
Batting: LHB Jimmy Husted
|
0-0: Swinging Strike 0-1: Foul Ball, location: 2F 0-2: Ball 1-2: Ball 2-2: Foul Ball, location: 2F 2-2: Ball 3-2: Strikes out swinging
|
Batting: LHB Enrique Cortéz
|
0-0: Fly out, F7 (Flyball, 7D)
|
Top of the 9th over - 0 run(s), 1 hit(s), 0 error(s), 1 left on base; Havana 0 - Topeka 4 |
|